 Dungeon Crawl Stone Soup version 0.31-a0-188-g5e087ee2ca (webtiles) character file.

Game seed: 4234782310912875396

88 qw the Shooter (level 4, -2/25 HPs)
             Began as a Deep Elf Hunter on June 23, 2023.
             Slain by Robin
             ... wielding a +0 short sword
              (3 damage)
             ... on level 2 of the Dungeon.
             The game lasted 00:00:45 (1314 turns).

qw the Shooter (Deep Elf Hunter)                    Turns: 1314, Time: 00:00:45

Health: -2/25      AC:  5    Str: 10    XL:     4   Next: 29%
Magic:  6/6        EV: 11    Int: 14    God:
Gold:   48         SH:  0    Dex: 18    Spells: 3/3 levels left

rFire   . . .        Y - +1 shortbow
rCold   . . .        (shield currently unavailable)
rNeg    . . .        i - +0 ring mail
rPois   .            (no helmet)
rElec   .            (no cloak)
rCorr   .            (no gloves)
SInv    .            (no boots)
Will    .....        (no amulet)
Stlth   +            (no ring)
HPRegen 0.24/turn    (no ring)
MPRegen 0.10/turn

%: no passive effects
@: no status effects
A: no striking features
a: no special abilities


You were on level 2 of the Dungeon.
You visited 1 branch of the dungeon, and saw 3 of its levels.

You collected 48 gold pieces.


   Skills:
 - Level 1.5 Fighting
 + Level 7.7 Ranged Weapons
 - Level 2.4 Dodging
 - Level 1.2 Stealth


You had 3 spell levels left.
You didn't know any spells.
Your spell library was empty.

Inventory:

Hand Weapons
 Y - a +1 shortbow (weapon)
Armour
 i - a +0 ring mail (worn)
Scrolls
 f - a scroll of identify
Potions
 e - a potion of brilliance {unknown}
 g - a potion of haste {unknown}
 j - a potion of mutation {unknown}
 k - a potion of enlightenment {unknown}
 l - a potion of curing

Dungeon Overview and Level Annotations

Branches:
Dungeon (3/15)

Altars:

Shops:
D:2 ?

Annotations:
D:2 Robin


Message History

You shoot an arrow. The arrow barely misses the goblin.
The arrow barely misses Robin.
The goblin hits you but does no damage. The hobgoblin closely misses you.
Robin roars a battlecry!
The goblins go into a battle-frenzy!
The goblin misses you.
You shoot an arrow. The arrow hits the goblin.
The goblin is heavily wounded.
The goblin closely misses you. The hobgoblin closely misses you.
The goblin hits you with a +0 club.
You shoot an arrow. The arrow hits the goblin.
You kill the goblin!
The goblin misses you.
You shoot an arrow. The arrow hits the hobgoblin.
You kill the hobgoblin!
The goblin closely misses you. The goblin barely misses you.
Robin closely misses you. The goblin hits you but does no damage.
You shoot an arrow.
The arrow hits Robin but does no damage.
The goblin hits you but does no damage. The goblin hits you with a +0 club.
You shoot an arrow. The arrow hits Robin.
Robin is moderately wounded.
The goblin hits you with a +0 club.
Robin roars a battlecry!
The goblin goes into a battle-frenzy!
The goblin hits you but does no damage.
You shoot an arrow. The arrow completely misses Robin.
The goblin hits you but does no damage. Robin hits you but does no damage.
The goblin closely misses you.
You shoot an arrow. The arrow barely misses Robin.
The goblin misses you. Robin closely misses you.
The goblin hits you with a +0 club.
You shoot an arrow. The arrow hits Robin.
Robin is moderately wounded.
The goblin barely misses you. x2
You shoot an arrow.
The arrow hits Robin but does no damage.
Robin is moderately wounded.
The goblin hits you but does no damage. Robin hits you with a +0 short sword.
You die...

#.......##. #.......##.
#.......##. ####.......##.
#..+.........\ #.##..........
##.#.....#.#<..
#######..............
#.gg@g............... ######
#.##g#####.#######.#.
#####....####.##.#####......##.##
....'.........##........###....#
#####................##.# #######
#####................##.# #.#..#.
...##.....#..........##.###.##.##
##.##................##...#..#...
...##.....##.........####.##)...#


You could see Robin and 3 goblins.

Vanquished Creatures
  2 adders (D:2)
  A worm (D:2)
  A dart slug (D:1)
  6 endoplasms
  4 giant cockroaches
  9 goblins
  8 hobgoblins
  4 jackals
  A kobold (D:2)
  2 quokkas
  6 ball pythons
  8 bats
  5 frilled lizards
  4 rats
61 creatures vanquished.

Notes
Turn   | Place    | Note
-------+----------+-------------------------------------------
     0 | D:1      | qw the Deep Elf Hunter began the quest for the Orb.
     0 | D:1      | Reached XP level 1. HP: 12/12 MP: 3/3
     0 | D:1      | 0 ||| qw: Version: 0.3-a-9-g12657ce
     0 | D:1      | 0 ||| qw: Game counter: 3530
     0 | D:1      | 0 ||| qw: Always use a shield: true
     0 | D:1      | 0 ||| qw: God list: Okawaru
     0 | D:1      | 0 ||| qw: Allow faded altars: false
     0 | D:1      | 0 ||| qw: Do Orc after D:15 true
     0 | D:1      | 0 ||| qw: Do second Lair branch before Depths: true
     0 | D:1      | 0 ||| qw: Lair rune preference: random
     0 | D:1      | 0 ||| qw: Plans: Normal
     0 | D:1      | 0 ||| PLANNING D:1-11
    69 | D:1      | Reached XP level 2. HP: 16/16 MP: 4/4
    78 | D:1      | Reached skill level 6 in Ranged Weapons
   125 | D:1      | 125 ||| FLEEEEING.
   126 | D:1      | 126 ||| FLEEEEING.
   127 | D:1      | 127 ||| FLEEEEING.
   358 | D:1      | Reached XP level 3. HP: 17/20 MP: 5/5
   427 | D:1      | 427 ||| UPGRADING to +0 ring mail.
   437 | D:1      | 437 ||| DROPPING +0 leather armour.
   438 | D:1      | 438 ||| READING scroll labelled SESUDO GIBU.
   439 | D:1      | 439 ||| READING 3 scrolls labelled HIRCHI FAELU.
   440 | D:1      | 440 ||| READING scroll labelled JITU MOYPAMICS.
   441 | D:1      | 441 ||| READING scroll labelled PIEMIO HOHO.
   442 | D:1      | 442 ||| READING scroll labelled CEIHEN WAJUECE.
   443 | D:1      | 443 ||| DROPPING scroll of butterflies.
   444 | D:1      | 444 ||| DROPPING 2 scrolls of fear.
   583 | D:2      | Reached skill level 7 in Ranged Weapons
   593 | D:2      | Found Iwuahol's Magic Scroll Shop.
   602 | D:2      | 602 ||| SHOPLISTING scroll of enchant weapon (90 gold, have
                  | 21).
   602 | D:2      | 602 ||| SHOPLISTING scroll of identify (24 gold, have 21).
   900 | D:2      | Reached XP level 4. HP: 25/25 MP: 6/6
  1152 | D:2      | 1152 ||| READING scroll labelled PEORUP LYKY.
  1156 | D:2      | 1156 ||| READING scroll labelled ZOH OWULYD.
  1157 | D:2      | 1157 ||| READING scroll labelled RIUVVU OLEN.
  1158 | D:2      | 1158 ||| DRINKING 3 clear potions.
  1159 | D:2      | 1159 ||| DRINKING 2 glowing orange potions.
  1160 | D:2      | 1160 ||| READING 2 scrolls of identify.
  1160 | D:2      | 1160 ||| IDENTIFYING smoky emerald potion
  1161 | D:2      | 1161 ||| DROPPING potion of lignification.
  1162 | D:2      | 1162 ||| DROPPING 2 potions of invisibility.
  1164 | D:2      | 1164 ||| Stepping ~*~*~tactically~*~*~ (cloud).
  1248 | D:3      | Identified the -2 helmet of Resilience {rPois rF+ MP+9}
  1248 | D:3      | Noticed Robin
  1249 | D:3      | 1249 ||| PLANNING SEWER
  1255 | D:3      | 1255 ||| STAIRDANCE
  1303 | D:3      | 1303 ||| STAIRDANCE
  1310 | D:2      | HP: 3/25 [goblin/+0 club[Robin] (5)]
  1312 | D:2      | HP: 1/25 [goblin/+0 club[Robin] (3)]
  1314 | D:2      | Slain by Robin

Levels and vault maps discovered:
D:1:      roderic_chinese_lattice_arrival, layout_rooms
D:2:      minmay_razor_zed, layout_basic, serial_shops, shop
D:3:      layout_basic, mainiacjoe_overflow_paths,
          mainiacjoe_overflow_concentric_impassable, gup_sewer_entry_pipe,
          uniq_terence, uniq_robin

Skill      XL: |  1  2  3 |
---------------+----------+-----
Ranged Weapons | 6 7 |  7.7
Fighting       | |  1.5
Dodging        | |  2.4
Stealth        | |  1.2

Action                     |  1- 3 |  4- 6 || total
---------------------------+-------+-------++-------
   Fire: Shortbow          |    99 |    40 ||   139
    Use: Scroll            |     5 |     4 ||     9
         Potion            |       |     2 ||     2
 Armour: Leather armour    |     6 |       ||     6
         Ring mail         |     6 |    19 ||    25
  Dodge: Dodged            |    24 |    27 ||    51

Table legend:
 A = Non-vault XP
 B = Vault XP
 C = Vault XP percentage of total XP
 D = Non-vault monster count
 E = Vault monster count
 F = Vault count percentage of total count
                 A         B        C        D         E       F
            +---------+---------+-------+---------+---------+-------
      Total |      93 |      33 |  26.2 |      42 |      19 |  31.1
            +---------+---------+-------+---------+---------+-------
        D:1 |      46 |       0 |   0.0 |      26 |       0 |   0.0
        D:2 |      47 |      29 |  38.2 |      16 |      17 |  51.5
        D:3 |       0 |       4 | 100.0 |       0 |       2 | 100.0
            +---------+---------+-------+---------+---------+-------
